 Dungeon Crawl Stone Soup version 0.24-a0-698-g60d090ba07 (webtiles) character file.

60106 glosham the Grappler (level 14, 107/131 HPs)
             Began as a Troll Abyssal Knight on Sept 22, 2018.
             Was the Champion of Lugonu.
             Quit the game on level 4 of the Lair of Beasts on Feb 3, 2020.
             The game lasted 05:20:06 (12489 turns).

glosham the Grappler (Troll Abyssal Knight)        Turns: 12489, Time: 05:20:07

Health: 107/131    AC: 16    Str: 25    XL:     14   Next: 55%
Magic:  17/20      EV: 16    Int: 16    God:    Lugonu [******]
Gold:   369        SH:  0    Dex:  9    Spells: 6/23 levels left

rFire    . . .     SeeInvis .     - Unarmed
rCold    + . .     Gourm    +   (shield currently unavailable)
rNeg     . . .     Faith    .   X - +1 troll leather armour
rPois    +         Spirit   .   W - +5 hat of Ecwaergh {rC+}
rElec    .         Reflect  .   Y - +2 cloak {rPois}
rCorr    .         Harm     .   (gloves unavailable)
MR       +....     Clarity  +   (boots unavailable)
Stlth    +.........             z - amulet of the acrobat
HPRegen  1.11/turn              A - +4 ring of evasion
MPRegen  0.17/turn              B - +4 ring of intelligence

@: blade hands, studying Throwing
A: large, unfitting armour, claws 3, clarity, fast metabolism 3, gourmand,
regeneration 1, shaggy fur 1, strong 1, tough skin 2, MP-powered wands
a: End Transformation, Depart the Abyss, Bend Space, Banish, Corrupt, Enter the
Abyss, Brand Weapon With Distortion, Renounce Religion


You were on level 4 of the Lair of Beasts.
You worshipped Lugonu.
Lugonu was exalted by your worship.
You were completely stuffed.
You had blades for hands.
You visited 2 branches of the dungeon, and saw 19 of its levels.
You visited the Abyss 1 time.
You also visited: Ice Cave.

You collected 1239 gold pieces.
You spent 870 gold pieces at shops.

Inventory:

Hand Weapons
 b - a +3 blowgun
Missiles
 c - 461 arrows
 d - 32 large rocks (quivered)
 e - 520 stones
 C - 10 javelins
 G - 3 boomerangs
 H - 4 throwing nets
Armour
 V - a scarf of cloud immunity
 W - the +5 hat of Ecwaergh (worn) {rC+}
   (You acquired it on level 13 of the Dungeon)

   It protects you from cold.
 X - a +1 troll leather armour (worn)
 Y - a +2 cloak of poison resistance (worn)
Magical Staves
 a - an uncursed staff of wizardry (melded) {!a}
Jewellery
 z - an amulet of the acrobat (around neck)
 A - a +4 ring of evasion (left scythe-like blade)
 B - a +4 ring of intelligence (right scythe-like blade)
 D - an uncursed ring of protection from fire
 E - an uncursed ring of fire
 F - an uncursed ring of flight
 M - an uncursed ring of protection from magic
 N - an uncursed ring of protection from magic
Wands
 g - a wand of digging (11)
 h - a wand of polymorph (22)
 i - a wand of flame (14)
 j - a wand of clouds (8)
Scrolls
 k - 3 scrolls of teleportation
 l - 3 scrolls of blinking
 m - 4 scrolls of magic mapping
 n - a scroll of fear
 o - 2 scrolls of remove curse
 p - 6 scrolls of identify
 J - a scroll of holy word
Potions
 q - 3 potions of cancellation
 r - 3 potions of curing
 s - 4 potions of brilliance
 t - 2 potions of magic
 u - a potion of flight
 v - 2 potions of resistance
 w - a potion of haste
 x - 2 potions of agility
Books
 y - a manual of Throwing
Miscellaneous
 K - a phantom mirror
Comestibles
 f - 34 rations
 I - a chunk of flesh


   Skills:
 - Level 6.9 Fighting
 * Level 7.6 Throwing
 - Level 2.2 Armour
 - Level 7.8 Dodging
 - Level 14.4 Unarmed Combat
 - Level 5.0 Spellcasting
 - Level 2.0 Translocations
 - Level 10.0 Transmutations
 - Level 5.5 Invocations


You had 6 spell levels left.
You knew the following spells:

 Your Spells              Type           Power        Failure   Level  Hunger
a - Apportation           Tloc           ##....       41%         1    None
c - Confusing Touch       Hex            #.....       58%         1    None
x - Blade Hands           Tmut           #####.....   41%         5    ######.
z - Beastly Appendage     Tmut           #####.       10%         1    None
A - Animate Skeleton      Necr           N/A          58%         1    None
C - Ice Form              Ice/Tmut       ###.....     65%         4    ####...
H - Swiftness             Chrm/Air       #.......     69%         2    #......
S - Sticks to Snakes      Tmut           #####...     11%         2    #......

Your spell library contained the following spells:

 Spells                   Type           Power        Failure   Level  Hunger
 Spider Form              Tmut/Pois      ###.......   36%         3    ###....
 Freeze                   Ice            #...         58%         1    None
 Shock                    Conj/Air       #...         58%         1    None
 Summon Small Mammal      Summ           #...         58%         1    None
 Call Imp                 Summ           #.......     69%         2    #......
 Throw Frost              Conj/Ice       #.....       69%         2    #......
 Call Canine Familiar     Summ           #.......     85%         3    ###....
 Ozocubu's Armour         Chrm/Ice       #.......     85%         3    ###....
 Static Discharge         Conj/Air       #.......     85%         3    ###....
 Summon Guardian Golem    Hex/Summ       #.......     85%         3    ###....
 Airstrike                Air            #.........   99%         4    ####...
 Summon Ice Beast         Ice/Summ       #.......     99%         4    ####...
 Summon Lightning Spire   Summ/Air       #.......     99%         4    ####...
 Throw Icicle             Conj/Ice       #.......     99%         4    ####...
 Lightning Bolt           Conj/Air       #.........   100%        5    ######.


Dungeon Overview and Level Annotations

Branches:
Dungeon (15/15)            Temple (0/1) D:4            Lair (4/6) D:9
  Snake (0/4) Lair:3          Orc (0/2) D:11         Vaults (0/5) D:13
 Depths (0/5) D:15
  Swamp: Lair:2-4    Shoals: Lair:2-4

Altars:
Dithmenos
Kikubaaqudgha
Makhleb
Qazlal
Trog
Uskayaw
Wu Jian
Yredelemnul
Zin

Shops:
D:8 [   D:9 =   D:13 [   D:15 =

Portals:
Trove: D:10 (give +7 demon trident)

Annotations:
D:12 Josephine


Innate Abilities, Weirdness & Mutations

You are too large for most types of armour.
You have claws for hands.
Your metabolism is lightning-fast.
You like to eat raw meat.
Your natural rate of healing is unusually fast.
You are covered in fur. (AC +1)
You have very tough skin. (AC +2)
You possess an exceptional clarity of mind.
Your muscles are strong. (Str +2)
You expend magic power (3 MP) to strengthen your wands.


Message History

You see here 9 gold pieces.
You now have enough gold to buy an uncursed ring of protection from cold on D:15, or buy the +0 shield "Ofeloan" {rPois Str+3} on D:8.
You can access your shopping list by pressing '$'.
You now have 353 gold pieces (gained 9).
Found 16 gold pieces.
You see here 16 gold pieces.
You now have 369 gold pieces (gained 16).
A catoblepas comes into view.
Found a stone staircase leading down.
Casting: Blade Hands (safe; 3% risk of failure)
Confirm with . or Enter, or press ? or * to list all spells.
Your hands turn into razor-sharp scythe blades.
Your uncursed staff of wizardry {!a} melds into your body.
You slice the catoblepas!!
The catoblepas is moderately wounded.
You slash the catoblepas! x2
The catoblepas is heavily wounded.
The catoblepas misses you.
You slash the catoblepas!
You slash the catoblepas, but do no damage.
The catoblepas is severely wounded.
The catoblepas gores you!
You hit the catoblepas but do no damage.
The catoblepas is severely wounded.
You slash the catoblepas!
The catoblepas is severely wounded.
The catoblepas gores you!!
You slice the catoblepas!!
You kill the catoblepas!
Lugonu accepts your kill.
Eat one of 2 chunks of flesh? (ye/n/q)
You eat one of the 2 chunks of flesh.
This raw flesh tastes great.
There is a stone staircase leading down here.
You climb downwards.
There is a stone staircase leading up here.
Saving game... please wait.
Welcome back, glosham the Troll Abyssal Knight.
Lugonu says: Spread carnage and corruption!
Press ? for a list of commands and other information.
Are you sure you want to abandon this character and quit the game? (Confirm with "yes".)

# ###
###P.##.#####.#
.......@.......
##.............
#....P#...P###
#...## ..P##
#.... ...# #...
.... ##. .....
#. ...#.#


There were no monsters in sight!

Vanquished Creatures
  Frances (D:14)
  Josephine (D:12)
  A great orb of eyes (D:15)
  An ogre mage (D:15)
  8 hydras
  The ghost of Noname the Fighter, a journeyman GnWn of Lugonu (Lair:1)
  A catoblepas (Lair:3)
  Harold (D:11)
  A death knight (D:15)
  A two-headed ogre (shapeshifter) (D:13)
  An alligator (shapeshifter) (D:13)
  2 centaur warriors (D:15)
  8 two-headed ogres
  Urug (Lair:3)
  2 tengu warriors (D:14)
  4 skeletal warriors (D:13)
  2 unseen horrors
  A necromancer (IceCv)
  5 cyclopes
  A wolf spider (D:15)
  5 deep elf magi
  2 manticores (D:15)
  4 ugly things (D:13)
  A manticore (shapeshifter) (D:15)
  A centaur zombie (D:10)
  Maurice (D:8)
  A black mamba (Lair:2)
  3 ice statues
  A merfolk siren (Lair:2)
  7 centaur skeletons
  2 spiny frogs (Lair:1)
  5 ice devils (IceCv)
  A komodo dragon (Lair:3)
  A tengu conjurer (D:14)
  A troll (D:13)
  Grinder (D:5)
  A polar bear (Lair:1)
  5 blink frogs (Lair:3)
  7 hippogriffs
  16 slime creatures
  2 shadows
  2 vampires
  14 yaks
  A wyvern (D:14)
  5 wraiths
  Eustachio (D:4)
  A steam dragon (D:8)
  The ghost of nht the Ruffian, an amateur DrTm of Ru (D:3)
  3 hungry ghosts
  A swamp worm (shapeshifter) (D:14)
  A naga (shapeshifter) (D:13)
  2 nagas (Lair:3)
  A warg (D:10)
  8 water moccasins
  4 ice beasts
  3 porcupines
  8 orc warriors
  4 sky beasts
  A black bear (D:9)
  10 ogres
  4 necrophages
  2 eyes of draining
  3 phantoms
  5 wolves (Lair:3)
  11 centaurs
  4 big kobolds
  3 crocodiles
  9 bullfrogs
  10 scorpions
  A water moccasin skeleton (D:12)
  17 killer bees
  20 wights
  A howler monkey (D:4)
  2 draconian simulacra (IceCv)
  5 crimson imps
  A lava snake (D:11)
  5 hounds
  A quasit (D:10)
  2 jellies
  14 orc wizards
  10 orc priests
  3 bullfrog skeletons
  Terence (D:2)
  4 iguanas
  Ijyb (D:5)
  A spriggan simulacrum (IceCv)
  3 troll simulacra (IceCv)
  10 worker ants
  3 centaur simulacra (IceCv)
  A worker ant zombie (D:8)
  8 gnolls
  A howler monkey skeleton (D:9)
  14 adders
  An ogre simulacrum (IceCv)
  A shadow imp (D:10)
  12 white imps (D:14)
  An ooze (D:3)
  2 adder skeletons
  An adder zombie (D:6)
  2 worms
  A dart slug (D:4)
  7 leopard geckos
  43 orcs
  A ball python (D:4)
  7 giant cockroaches
  2 gnoll zombies (D:5)
  6 goblins
  6 hobgoblins
  16 jackals
  4 quokkas
  5 bats
  4 frilled lizards
  14 kobolds
  A quokka skeleton (D:4)
  3 rats
  A fungus (Lair:1)
504 creatures vanquished.

Vanquished Creatures (others)
  A wizard (D:5)
  A bullfrog (D:15)
  3 fungi
5 creatures vanquished.

Grand Total: 509 creatures vanquished

Notes
Turn   | Place    | Note
-------+----------+-------------------------------------------
     0 | Abyss:1  | glosham the Troll Abyssal Knight began the quest for the
                  | Orb.
     0 | Abyss:1  | Reached XP level 1. HP: 22/22 MP: 1/1
    61 | Abyss:2  | Noticed a bone dragon
    64 | Abyss:2  | Noticed a worldbinder
    65 | Abyss:2  | Noticed a yaktaur
    65 | D:1      | Escaped the Abyss
   278 | D:1      | Learned a level 1 spell: Beastly Appendage
   360 | D:1      | Reached * piety under Lugonu
   429 | D:1      | Reached XP level 2. HP: 28/29 MP: 2/2
   477 | D:1      | Reached skill level 1 in Transmutations
   797 | D:2      | Noticed Terence
   809 | D:2      | Killed Terence
   809 | D:2      | Reached skill level 2 in Transmutations
   809 | D:2      | Reached XP level 3. HP: 36/36 MP: 3/3
  1025 | D:2      | Reached XP level 4. HP: 44/44 MP: 2/4
  1030 | D:2      | Learned a level 2 spell: Sticks to Snakes
  1368 | D:3      | Reached ** piety under Lugonu
  1388 | D:3      | Found a runed gate.
  1389 | D:3      | Found a runed gate.
  1389 | D:3      | Found a runed gate.
  1389 | D:3      | Noticed nht's ghost (amateur DrTm)
  1421 | D:3      | Killed nht's ghost
  1421 | D:3      | Reached skill level 4 in Transmutations
  1421 | D:3      | Reached XP level 5. HP: 50/50 MP: 5/5
  1607 | D:3      | Found a glowing silver altar of Zin.
  2093 | D:4      | Found a burning altar of Makhleb.
  2107 | D:4      | Reached skill level 1 in Spellcasting
  2107 | D:4      | Reached XP level 6. HP: 59/59 MP: 6/6
  2298 | D:4      | Found a staircase to the Ecumenical Temple.
  2405 | D:4      | Noticed Eustachio
  2415 | D:4      | Killed Eustachio
  2415 | D:4      | Reached skill level 5 in Transmutations
  2557 | D:4      | Reached XP level 7. HP: 65/66 MP: 5/7
  2740 | D:4      | Learned a level 5 spell: Blade Hands
  2741 | D:5      | Entered Level 5 of the Dungeon
  2840 | D:5      | Reached *** piety under Lugonu
  2851 | D:5      | Found an ornate altar of the Wu Jian Council.
  2906 | D:5      | Noticed Grinder
  2916 | D:5      | Killed Grinder
  2916 | D:5      | Reached skill level 2 in Spellcasting
  2916 | D:5      | Reached skill level 6 in Transmutations
  3061 | D:5      | Noticed Ijyb
  3072 | D:5      | Killed Ijyb
  3085 | D:5      | Reached XP level 8. HP: 69/74 MP: 4/10
  3143 | D:5      | Identified 3 scrolls of acquirement
  3230 | D:5      | Found a bloodstained altar of Trog.
  3239 | D:5      | Noticed a wizard
  3244 | D:5      | Killed a wizard
  3311 | D:5      | Found a basalt altar of Yredelemnul.
  3692 | D:6      | Reached skill level 3 in Spellcasting
  3927 | D:6      | Reached skill level 7 in Transmutations
  3976 | D:6      | Gained mutation: Your muscles are strong. (Str +2) [potion
                  | of mutation]
  3976 | D:6      | Gained mutation: You possess an exceptional clarity of
                  | mind. [potion of mutation]
  3976 | D:6      | Gained mutation: You expend magic power (3 MP) to
                  | strengthen your wands. [potion of mutation]
  4088 | D:6      | Got a heavily jewelled robe
  4200 | D:6      | Identified the +0 robe "Rotifram" {rN+} (You took it off a
                  | centaur on level 6 of the Dungeon)
  4258 | D:6      | Found a shadowy altar of Dithmenos.
  4297 | D:6      | Reached XP level 9. HP: 80/80 MP: 13/13
  4301 | D:6      | Reached skill level 4 in Spellcasting
  4460 | D:7      | Reached skill level 3 in Unarmed Combat
  4527 | D:7      | Reached **** piety under Lugonu
  4657 | D:7      | Reached skill level 4 in Unarmed Combat
  4679 | D:7      | Reached skill level 8 in Transmutations
  4765 | D:7      | Learned a level 4 spell: Ice Form
  4871 | D:7      | Found a hide-covered altar of Uskayaw.
  5027 | D:8      | Reached skill level 9 in Transmutations
  5079 | D:8      | Reached skill level 5 in Unarmed Combat
  5088 | D:8      | Reached XP level 10. HP: 76/87 MP: 10/15
  5234 | D:8      | Found a stormy altar of Qazlal.
  5255 | D:8      | Noticed Maurice
  5270 | D:8      | Killed Maurice
  5273 | D:8      | Reached skill level 6 in Unarmed Combat
  5274 | D:8      | Found a bloodstained altar of Trog.
  5388 | D:8      | Reached ***** piety under Lugonu
  5490 | D:8      | Found Sokhuh's Armour Boutique.
  6094 | D:9      | Found Pijerey's Jewellery Shop.
  6098 | D:9      | Bought an uncursed ring of wizardry for 450 gold pieces
  6183 | D:9      | Reached skill level 7 in Unarmed Combat
  6217 | D:9      | Found a stormy altar of Qazlal.
  6381 | D:9      | Reached skill level 8 in Unarmed Combat
  6470 | D:9      | Found a staircase to the Lair.
  6527 | D:9      | Noticed an ice statue
  6544 | D:9      | Killed an ice statue
  6656 | D:9      | Learned a level 1 spell: Confusing Touch
  6658 | D:9      | Learned a level 1 spell: Apportation
  6660 | D:9      | Learned a level 1 spell: Animate Skeleton
  6674 | D:10     | Entered Level 10 of the Dungeon
  6707 | D:10     | Reached skill level 9 in Unarmed Combat
  6731 | D:10     | Found a portal to a secret trove of treasure.
  6734 | D:10     | Reached XP level 11. HP: 92/93 MP: 16/16
  6952 | D:10     | Reached skill level 2 in Dodging
  7160 | D:11     | Noticed a four-headed hydra
  7169 | D:11     | Killed a four-headed hydra
  7169 | D:11     | Reached skill level 3 in Dodging
  7182 | D:10     | Reached skill level 10 in Unarmed Combat
  7286 | D:11     | Reached skill level 4 in Dodging
  7453 | D:11     | Found a staircase to the Orcish Mines.
  7454 | D:11     | Reached ****** piety under Lugonu
  7516 | D:11     | Noticed Harold
  7524 | D:11     | Killed Harold
  7575 | D:11     | Noticed a seven-headed hydra
  7581 | D:11     | Killed a seven-headed hydra
  7581 | D:11     | Reached skill level 3 in Fighting
  7581 | D:11     | Reached skill level 11 in Unarmed Combat
  7651 | D:11     | Noticed a deep elf mage
  7656 | D:11     | Killed a deep elf mage
  7691 | D:11     | Reached skill level 5 in Dodging
  7842 | D:11     | Killed an unseen horror
  7904 | D:11     | Reached XP level 12. HP: 27/106 MP: 13/17
  7966 | D:11     | Noticed a four-headed hydra
  7973 | D:11     | Killed a four-headed hydra
  7973 | D:11     | Reached skill level 4 in Fighting
  8218 | D:12     | Noticed Josephine
  8230 | D:12     | Killed Josephine
  8237 | D:12     | Reached skill level 12 in Unarmed Combat
  8473 | D:13     | Noticed a two-headed ogre
  8488 | D:13     | Killed a two-headed ogre
  8491 | D:13     | Reached skill level 6 in Dodging
  8598 | D:13     | Got a fine hat
  8658 | D:13     | Identified the +5 hat of Ecwaergh {rC+} (You acquired it on
                  | level 13 of the Dungeon)
  8692 | D:13     | Reached skill level 1 in Throwing
  8692 | D:13     | Reached skill level 2 in Invocations
  8701 | D:13     | Reached skill level 5 in Fighting
  8711 | D:13     | Noticed a two-headed ogre
  8715 | D:13     | Killed a two-headed ogre
  8715 | D:13     | Reached skill level 1 in Armour
  8742 | D:13     | Noticed a two-headed ogre
  8748 | D:13     | Killed a two-headed ogre
  8823 | D:13     | Reached skill level 2 in Throwing
  8864 | D:13     | Reached skill level 3 in Invocations
  8894 | D:13     | Noticed a two-headed ogre
  8901 | D:13     | Reached skill level 13 in Unarmed Combat
  8907 | D:13     | Killed a two-headed ogre
  8907 | D:13     | Reached skill level 2 in Armour
  8907 | D:13     | Reached XP level 13. HP: 119/119 MP: 18/18
  9053 | D:13     | Found a gate to the Vaults.
  9143 | D:13     | Found Neptodur's Antique Armour Shoppe.
  9402 | D:14     | Noticed Frances
  9424 | D:14     | Reached skill level 3 in Throwing
  9646 | D:14     | Found a frozen archway.
  9713 | IceCv    | Entered an ice cave
  9969 | IceCv    | Reached skill level 7 in Dodging
 10237 | D:14     | Reached skill level 4 in Invocations
 10362 | D:14     | Killed Frances
 10362 | D:14     | Reached skill level 6 in Fighting
 10523 | D:15     | Entered Level 15 of the Dungeon
 10523 | D:15     | Found an ancient bone altar of Kikubaaqudgha.
 10527 | D:15     | Reached skill level 1 in Translocations
 10540 | D:15     | Found Kafeaps's Jewellery Shoppe.
 10543 | D:15     | Bought an uncursed amulet of the acrobat for 420 gold
                  | pieces
 10574 | D:15     | Reached skill level 4 in Throwing
 10832 | D:15     | Found a staircase to the Depths.
 10835 | D:15     | Paralysed by a great orb of eyes for 2 turns
 10850 | D:15     | HP: 4/146 [five-headed hydra (12)]
 10913 | D:15     | Reached skill level 10 in Transmutations
 11062 | D:13     | Reached XP level 14. HP: 131/131 MP: 14/20
 11124 | D:15     | Reached skill level 14 in Unarmed Combat
 11124 | D:15     | Reached skill level 2 in Translocations
 11132 | D:15     | Reached skill level 5 in Invocations
 11572 | Lair:1   | Entered Level 1 of the Lair of Beasts
 11759 | Lair:2   | Reached skill level 5 in Spellcasting
 11920 | Lair:1   | Reached skill level 5 in Throwing
 11926 | Lair:1   | Upgraded the game from 0.23-a0-183-gf37f6fb to
                  | 0.24-a0-698-g60d090ba07
 11940 | Lair:1   | Found a runed gate.
 11940 | Lair:1   | Found a runed gate.
 11940 | Lair:1   | Found a runed gate.
 11956 | Lair:1   | Noticed Noname's ghost (journeyman GnWn)
 11984 | Lair:1   | Killed Noname's ghost
 12012 | Lair:1   | Identified the +10 broad axe of the Candle {venom, rPois
                  | Dex+8} (You found it on level 1 of the Lair of Beasts)
 12090 | Lair:3   | Found a staircase to the Snake Pit.
 12152 | Lair:3   | Reached skill level 6 in Throwing
 12213 | Lair:3   | Learned a level 2 spell: Swiftness
 12388 | Lair:3   | Noticed Urug
 12397 | Lair:3   | Killed Urug
 12397 | Lair:3   | Reached skill level 7 in Throwing
 12489 | Lair:4   | Quit the game

Levels and vault maps discovered:
D:1:      dpeg_arrival_three_same_balls
D:2:      uniq_terence
D:3:      nicolae_overflow_crystal_walls, ebering_ghost_rock_garden
D:4:      makhleb_grotto_becter, minmay_temple_entry_overgrown,
          minmay_joined_circles, uniq_eustachio
D:5:      marbit_many_paths, lemuel_zombie_altar_yredelemnul, first_ration,
          hangedman_decor_growths, trog_wizard, uniq_ijyb, uniq_grinder
D:6:      nicolae_dithmenos_shadow_blocks
D:7:      eat_drink_and_be_merry_uskayaw, mrwooster_statue_mirror
D:8:      old_standard_altar, serial_shops, shop, blue_anna_alchemist,
          grunt_qazlal_sundering, uniq_maurice
D:9:      lemuel_ice_statue, lemuel_crystal_altar,
          grunt_lair_entry_orc_guard_hut, serial_shops, nicolae_shop_stone
D:10:     nicolae_trove_entry_columns, hangedman_decor_push
D:11:     lemuel_flame_loot_2, erik_orc_4, uniq_harold
D:12:     uniq_josephine
D:13:     david_vaults_2, serial_shops, nicolae_shop_behind_doors,
          dk_noncrumbling_4
D:14:     grunt_decor_one_mirror, portal_ice_cave_entry_imps, uniq_frances
D:15:     hangedman_depths_entry_try_elsewhere_first, serial_shops,
          nicolae_shop_behind_doors, basic_altar
Lair:1:   basic_altar, gammafunk_ghost_hydra_chop
Lair:2:   minmay_shoals_entry_lonely_mermaid
Lair:3:   layout_layer_cave, guppyfry_snake_entry_garden, uniq_urug
Lair:4:   layout_regular_city

Skill      XL: |  1  2  3  4  5  6  7  8  9 10 11 12 13 14 |
---------------+-------------------------------------------+-----
Transmutations | 2 4 5 6 7 9 10 | 10.0
Spellcasting   | 1 2 3 4 5 |  5.0
Unarmed Combat | 5 9 11 13 14 | 14.4
Dodging        | 5 6 7 |  7.8
Fighting       | 3 5 6 |  6.9
Throwing       | 2 4 7 |  7.6
Invocations    | 3 4 5 |  5.5
Armour         | 2 |  2.2
Translocations | 1 2 |  2.0

Action                   |  1- 3 |  4- 6 |  7- 9 | 10-12 | 13-15 || total
-------------------------+-------+-------+-------+-------+-------++-------
Melee: Unarmed           |    82 |   117 |   280 |   490 |   421 ||  1390
       Punch             |     3 |     2 |       |    16 |    27 ||    48
       Headbutt          |     2 |    11 |    17 |       |       ||    30
       Kick              |     1 |     9 |     7 |     1 |       ||    18
Throw: Stone             |     5 |       |       |       |       ||     5
       Large rock        |       |       |       |     2 |     6 ||     8
 Cast: Beastly Appendage |    11 |    28 |    24 |     1 |       ||    64
       Blade Hands       |       |       |    25 |    67 |    50 ||   142
       Ice Form          |       |       |       |     8 |    10 ||    18
       Apportation       |       |       |       |    10 |    33 ||    43
Invok: Depart the Abyss  |     1 |       |       |       |       ||     1
       Bend Space        |       |       |       |       |     2 ||     2
 Abil: End Transformatio |       |       |       |     6 |    11 ||    17
       Evoke Flight      |       |       |       |     1 |       ||     1
Evoke: Wand              |       |       |     4 |    16 |       ||    20
       Phantom mirror    |       |       |       |     1 |       ||     1
  Use: Scroll            |     4 |     4 |    14 |     9 |     6 ||    37
       Potion            |     1 |     2 |     7 |     3 |     1 ||    14
 Stab: Sleeping          |       |       |       |     1 |       ||     1
  Eat: Chunk             |    15 |    15 |    44 |    65 |    52 ||   191
       Ration            |       |       |       |     1 |     1 ||     2
Armor: Robe              |    14 |    23 |    69 |   109 |       ||   215
       Skin              |     5 |     7 |    13 |    11 |    12 ||    48
       Troll leather arm |       |       |       |    13 |    80 ||    93
Dodge: Dodged            |    24 |    35 |    99 |   151 |   268 ||   577

Table legend:
 A = Non-vault XP
 B = Vault XP
 C = Vault XP percentage of total XP
 D = Non-vault monster count
 E = Vault monster count
 F = Vault count percentage of total count
                 A         B        C        D         E       F
            +---------+---------+-------+---------+---------+-------
      Total |   64438 |   21428 |  25.0 |     410 |      90 |  18.0
            +---------+---------+-------+---------+---------+-------
        D:1 |      32 |       0 |   0.0 |      20 |       0 |   0.0
        D:2 |      40 |      36 |  47.4 |      13 |       1 |   7.1
        D:3 |      72 |     182 |  71.7 |      21 |       1 |   4.5
        D:4 |     146 |     426 |  74.5 |      13 |       8 |  38.1
        D:5 |     302 |     382 |  55.8 |      14 |       5 |  26.3
        D:6 |    1619 |       0 |   0.0 |      26 |       0 |   0.0
        D:7 |    1446 |       0 |   0.0 |      25 |       0 |   0.0
        D:8 |    2353 |     580 |  19.8 |      25 |       2 |   7.4
        D:9 |    2151 |     845 |  28.2 |      30 |       5 |  14.3
       D:10 |    2055 |     161 |   7.3 |      32 |       1 |   3.0
       D:11 |    9353 |    1403 |  13.0 |      55 |      17 |  23.6
       D:12 |    1193 |    1821 |  60.4 |       6 |       5 |  45.5
       D:13 |   14060 |    1988 |  12.4 |      38 |       3 |   7.3
       D:14 |    5635 |    2442 |  30.2 |      24 |      13 |  35.1
       D:15 |   14885 |    3123 |  17.3 |      36 |       4 |  10.0
     Lair:1 |    2329 |    2967 |  56.0 |      10 |       3 |  23.1
     Lair:2 |    3271 |     427 |  11.5 |       8 |       1 |  11.1
     Lair:3 |    3496 |    1185 |  25.3 |      14 |       3 |  17.6
      IceCv |       0 |    3460 | 100.0 |       0 |      18 | 100.0
            +---------+---------+-------+---------+---------+-------

Table legend:
 A = Turns spent in this place as a percentage of turns spent in the entire game.
 B = Non-inter-level travel turns spent in this place as a percentage of non-inter-level travel turns spent in the entire game.
 C = Inter-level travel turns spent in this place as a percentage of turns spent in this place.
 D = Turns resting spent in this place as a percentage of non-inter-level travel turns spent in this place.
 E = Turns spent auto-exploring this place as a percentage of non-inter-level travel turns spent in this place.
 F = Non-inter-level travel turns spent in this place divided by the number of levels of this place that you've seen.
                   A       B       C       D       E      F
               +-------+-------+-------+-------+-------+----------------------
         Total | 100.0 | 100.0 |   8.2 |   1.9 |   0.0 | 520.9
       Dungeon |  89.0 |  88.5 |   8.8 |   1.9 |   0.0 | 675.9
          Lair |   7.3 |   7.5 |   5.8 |   0.0 |   0.0 | 216.0
         Abyss |   0.5 |   0.6 |   0.0 |   0.0 |   0.0 |  32.5
      Ice Cave |   3.1 |   3.4 |   0.0 |   8.9 |   0.0 | 393.0
               +-------+-------+-------+-------+-------+----------------------

Table legend:
 A = Kills in this place as a percentage of kills in entire the game.
 B = Kills by you in this place as a percentage of kills by you in the entire game.
 C = Kills by friends in this place as a percentage of kills by friends in the entire game.
 D = Other kills in this place as a percentage of other kills in the entire game.
 E = Experience gained in this place as a percentage of experience gained in the entire game.
 F = Experience gained in this place divided by the number of levels of this place that you have seen.
                   A       B       C       D       E      F
               +-------+-------+-------+-------+-------+----------------------
         Total | 100.0 | 100.0 |   N/A |   N/A | 100.0 | 3903.0
       Dungeon |  88.6 |  88.6 |   N/A |   N/A |  80.0 | 4582.1
          Lair |   7.8 |   7.8 |   N/A |   N/A |  15.9 | 3418.8
      Ice Cave |   3.6 |   3.6 |   N/A |   N/A |   4.0 | 3460.0
               +-------+-------+-------+-------+-------+----------------------

Levels and vault maps discovered:
D:1:      dpeg_arrival_three_same_balls
D:2:      uniq_terence
D:3:      nicolae_overflow_crystal_walls, ebering_ghost_rock_garden
D:4:      makhleb_grotto_becter, minmay_temple_entry_overgrown,
          minmay_joined_circles, uniq_eustachio
D:5:      marbit_many_paths, lemuel_zombie_altar_yredelemnul, first_ration,
          hangedman_decor_growths, trog_wizard, uniq_ijyb, uniq_grinder
D:6:      nicolae_dithmenos_shadow_blocks
D:7:      eat_drink_and_be_merry_uskayaw, mrwooster_statue_mirror
D:8:      old_standard_altar, serial_shops, shop, blue_anna_alchemist,
          grunt_qazlal_sundering, uniq_maurice
D:9:      lemuel_ice_statue, lemuel_crystal_altar,
          grunt_lair_entry_orc_guard_hut, serial_shops, nicolae_shop_stone
D:10:     nicolae_trove_entry_columns, hangedman_decor_push
D:11:     lemuel_flame_loot_2, erik_orc_4, uniq_harold
D:12:     uniq_josephine
D:13:     david_vaults_2, serial_shops, nicolae_shop_behind_doors,
          dk_noncrumbling_4
D:14:     grunt_decor_one_mirror, portal_ice_cave_entry_imps, uniq_frances
D:15:     hangedman_depths_entry_try_elsewhere_first, serial_shops,
          nicolae_shop_behind_doors, basic_altar
Lair:1:   basic_altar, gammafunk_ghost_hydra_chop
Lair:2:   minmay_shoals_entry_lonely_mermaid
Lair:3:   layout_layer_cave, guppyfry_snake_entry_garden, uniq_urug
Lair:4:   layout_regular_city
